Los Angeles Kings vs Detroit Red Wings
Created - Sunday, March 17, 2024 at 08:03
Goals
|
| Los Angeles Kings |
1 |
1 |
1 |
3 |
| Detroit Red Wings |
0 |
1 |
0 |
1 |
|
Shots
|
| Los Angeles Kings |
17 |
10 |
6 |
33 |
| Detroit Red Wings |
14 |
15 |
11 |
40 |
|
1st period
1. Los Angeles Kings , Trent Frederic 7 (Alexander Radulov 11, Peyton Krebs 9) at 7:26
Penalties :
Jordie Benn (DET) for Hooking (Minor) at 12:53
2nd period
2. Detroit Red Wings , Mika Zibanejad 17 (Carter Verhaeghe 18) at 6:59
3. Los Angeles Kings , Andrei Kuzmenko 13 (Andrei Svechnikov 18) at 16:59 (PP)
Penalties :
Joshua Brown (LAK) for Tripping (Minor) at 3:11, Jonathan Huberdeau (DET) for Slashing (Minor) at 14:08, Jonathan Huberdeau (DET) for Interference (Minor) at 16:51
3rd period
4. Los Angeles Kings , Andrei Svechnikov 8 (K'Andre Miller 9, Alexander Romanov 5) at 18:57
Penalties :
Ryan Reaves (LAK) for High sticking (Minor) at 15:18
Goalie Stats
John Gibson (LAK), 39 saves from 40 shots - (0.975), W, 13-14-2, 60:00 minutes
Laurent Brossoit (DET), 30 saves from 33 shots - (0.909), L, 4-4-0, 60:00 minutes
Players Stats for Los Angeles Kings
Player Name G A P +/- PIM S H SB GA TA FO MP PP MP PK MP
------------------------------------------------------------------------------------
Alexander Radulov 0 1 1 1 0 3 2 1 0 1 5/21 18:36 1:52 1:54
Alexander Romanov 0 1 1 0 0 2 0 1 0 1 0/0 22:18 1:38 2:00
Andrei Kuzmenko 1 0 1 1 0 8 2 0 0 0 0/0 19:18 2:11 1:54
Andrei Svechnikov 1 1 2 1 0 7 5 0 2 0 1/5 19:18 2:11 1:54
Cole Perfetti 0 0 0 -1 0 2 0 1 0 0 2/9 15:09 1:52 0:10
Cooper Marody 0 0 0 0 0 0 1 0 0 0 0/1 8:39 0:00 0:00
Erik Brannstrom 0 0 0 0 0 0 1 2 1 0 0/0 15:22 0:00 0:00
Jakub Zboril 0 0 0 0 0 0 1 0 0 0 0/0 8:39 0:00 0:00
Joshua Brown 0 0 0 0 2 0 0 1 0 0 0/0 15:26 0:00 0:00
K'Andre Miller 0 1 1 0 0 3 0 0 0 0 0/0 22:18 1:38 2:00
Marco Rossi 0 0 0 -1 0 3 1 0 0 0 0/1 14:52 1:52 0:00
Noah Dobson 0 0 0 1 0 1 1 1 3 0 0/0 22:20 2:28 1:58
Owen Power 0 0 0 1 0 1 1 1 0 0 0/0 22:20 2:28 1:58
Peyton Krebs 0 1 1 1 0 1 3 0 2 0 0/0 15:20 0:03 0:10
Ryan Reaves 0 0 0 -1 2 0 2 0 0 0 0/0 13:08 0:03 0:00
Seth Jarvis 0 0 0 1 0 0 2 2 0 1 3/15 19:18 2:11 1:54
Trent Frederic 1 0 1 1 0 2 0 2 2 0 0/0 14:42 0:00 0:00
Vitali Kravtsov 0 0 0 0 0 0 0 0 0 0 0/0 8:57 0:03 0:00
Players Stats for Detroit Red Wings
Player Name G A P +/- PIM S H SB GA TA FO MP PP MP PK MP
------------------------------------------------------------------------------------
Alexander Barabanov 0 0 0 0 0 2 1 2 0 0 0/0 17:54 0:00 0:00
Anthony Cirelli 0 0 0 -1 0 1 0 0 0 0 12/15 14:49 0:00 1:58
Arthur Kaliyev 0 0 0 0 0 3 1 0 1 0 0/0 9:42 2:04 0:00
Carter Verhaeghe 0 1 1 0 0 5 1 1 0 1 0/0 16:16 1:53 0:00
Daniel Sprong 0 0 0 -1 0 2 1 0 0 1 1/1 14:43 1:59 0:24
Jared McCann 0 0 0 -1 0 2 2 0 0 1 0/0 13:53 0:00 1:58
Jonathan Huberdeau 0 0 0 0 4 5 0 0 0 0 0/0 8:09 0:00 0:00
Jordie Benn 0 0 0 -1 2 0 2 0 0 0 0/0 16:45 0:00 0:55
Josh Bailey 0 0 0 -1 0 1 0 0 0 1 1/1 10:15 0:01 1:44
Kevin Shattenkirk 0 0 0 0 0 0 3 2 0 1 0/0 25:43 1:59 1:46
MacKenzie Weegar 0 0 0 0 0 0 3 1 0 0 0/0 26:43 1:59 2:20
Matthew Boldy 0 0 0 0 0 1 1 0 0 0 1/1 16:16 1:53 0:00
Mika Zibanejad 1 0 1 1 0 2 2 2 2 1 12/15 18:00 1:53 1:51
Patrick Kane 0 0 0 0 0 5 0 0 0 0 0/1 18:58 2:05 0:00
Philippe Myers 0 0 0 0 0 1 0 1 0 2 0/0 14:21 0:00 0:45
Shayne Gostisbehere 0 0 0 -1 0 1 0 2 0 1 0/0 19:41 1:59 1:46
Steven Stamkos 0 0 0 0 0 9 2 0 0 1 14/18 19:15 2:05 0:17
Zach Bogosian 0 0 0 0 0 0 2 0 0 0 0/0 14:28 0:00 0:40
3 Stars
1 - John Gibson (LAK)
2 - Andrei Svechnikov (LAK)
3 - Andrei Kuzmenko (LAK)
Power Play
Los Angeles Kings - 1 on 3 Attempt(s) - 33.33%
Detroit Red Wings - 0 on 2 Attempt(s) - 0.00%
Penalty Kill
Los Angeles Kings - 2 on 2 Attempt(s) - 100.00%
- Score 0 goal in Penalty Kill
Detroit Red Wings - 2 on 3 Attempt(s) - 66.67%
- Score 0 goal in Penalty Kill
Team Stat
Los Angeles Kings - Hits : 22 - Faceoff Wins : 11 - Blocked Shots : 12 - Penalty Minutes : 4
Detroit Red Wings - Hits : 21 - Faceoff Wins : 41 - Blocked Shots : 11 - Penalty Minutes : 6
Official
Referees : Dennis LaRue and Brad Watson
Linesman : Mike Cvik and Brian Mach
Game Notes
No Game Note
Finance
Level 1 -- Attendance: 4586 (76.43%) -- Ticket Income $458,600
Level 2 -- Attendance: 3725 (74.50%) -- Ticket Income $223,500
Level 3 -- Attendance: 2370 (79.00%) -- Ticket Income $82,950
Level 4 -- Attendance: 3398 (67.96%) -- Ticket Income $84,950
Luxury Box -- Attendance: 702 (70.20%) -- Ticket Income $140,400
Game was played at the Joe Louis Arena.
Total Attendance: 14781 (73.91%)
Total Ticket Income: $990,400
Other Income: $346,640
Total Income: $1,337,040
Los Angeles Kings
5 vs 5 Forward
Center Left Wing Right Wing Time % Phy DF OF
1 Seth Jarvis Andrei Svechnikov Andrei Kuzmenko 30 1 2 2
2 Alexander Radulov Trent Frederic Peyton Krebs 30 1 2 2
3 Cole Perfetti Ryan Reaves Marco Rossi 25 1 2 2
4 Cooper Marody Vitali Kravtsov Jakub Zboril 15 1 2 2
5 vs 5 Defense
Defense Defense Time % Phy DF OF
1 K'Andre Miller Alexander Romanov 35 1 2 2
2 Noah Dobson Owen Power 35 1 2 2
3 Joshua Brown Erik Brannstrom 30 1 2 2
4 K'Andre Miller Alexander Romanov 0 1 2 2
PowerPlay Forward
Center Left Wing Right Wing Time % Phy DF OF
1 Seth Jarvis Andrei Svechnikov Andrei Kuzmenko 50 1 2 2
2 Alexander Radulov Cole Perfetti Marco Rossi 50 1 2 2
PowerPlay Defense
Defense Defense Time % Phy DF OF
1 K'Andre Miller Alexander Romanov 50 1 2 2
2 Noah Dobson Owen Power 50 1 2 2
Penalty Kill 4 Players Forward
Center Wing Time % Phy DF OF
1 Andrei Svechnikov Andrei Kuzmenko 50 1 2 2
2 Alexander Radulov Seth Jarvis 50 1 2 2
Penalty Kill 4 Players Defense
Defense Defense Time % Phy DF OF
1 K'Andre Miller Alexander Romanov 50 1 2 2
2 Noah Dobson Owen Power 50 1 2 2
Penalty Kill - 3 Players Forward
Forward Time % Phy DF OF
1 Andrei Svechnikov 50 1 2 2
2 Andrei Kuzmenko 50 1 2 2
Penalty Kill - 3 Players Defense
Defense Defense Time % Phy DF OF
1 K'Andre Miller Alexander Romanov 50 1 2 2
2 Noah Dobson Owen Power 50 1 2 2
4 vs 4 Forward
Center Wing Time % Phy DF OF
1 Andrei Svechnikov Andrei Kuzmenko 50 1 2 2
2 Alexander Radulov Seth Jarvis 50 1 2 2
4 vs 4 Defense
Defense Defense Time % Phy DF OF
1 K'Andre Miller Alexander Romanov 50 1 2 2
2 Noah Dobson Owen Power 50 1 2 2
Last Minutes Offensive
Center Left Wing Right Wing Defense Defense
Seth Jarvis Andrei Svechnikov Andrei Kuzmenko K'Andre Miller Alexander Romanov
Last Minutes Defensive
Center Left Wing Right Wing Defense Defense
Seth Jarvis Andrei Svechnikov Andrei Kuzmenko K'Andre Miller Alexander Romanov
Goaltenders
Starting : John Gibson
Backup : Jonas Johansson
Extra Forwards
Normal : Marco Rossi, Alexander Radulov, Cole Perfetti - PP : Marco Rossi, Alexander Radulov - PK : Cole Perfetti
Extra Defensemen
Normal : Joshua Brown, Erik Brannstrom, Noah Dobson - PP : Joshua Brown - PK : Erik Brannstrom, Noah Dobson
Penalty Shots
Andrei Svechnikov, Andrei Kuzmenko, Cole Perfetti, Seth Jarvis, Alexander Radulov
Detroit Red Wings
5 vs 5 Forward
Center Left Wing Right Wing Time % Phy DF OF
1 Steven Stamkos Alexander Barabanov Patrick Kane 35 0 1 4
2 Mika Zibanejad Carter Verhaeghe Matthew Boldy 30 1 2 2
3 Anthony Cirelli Jared McCann Daniel Sprong 25 1 2 2
4 Josh Bailey Jonathan Huberdeau Arthur Kaliyev 10 1 2 2
5 vs 5 Defense
Defense Defense Time % Phy DF OF
1 Kevin Shattenkirk MacKenzie Weegar 40 1 2 2
2 Jordie Benn Shayne Gostisbehere 30 1 2 2
3 Zach Bogosian Philippe Myers 20 3 1 1
4 Kevin Shattenkirk MacKenzie Weegar 10 1 2 2
PowerPlay Forward
Center Left Wing Right Wing Time % Phy DF OF
1 Steven Stamkos Arthur Kaliyev Patrick Kane 50 0 1 4
2 Mika Zibanejad Carter Verhaeghe Matthew Boldy 50 0 1 4
PowerPlay Defense
Defense Defense Time % Phy DF OF
1 Kevin Shattenkirk MacKenzie Weegar 50 1 2 2
2 Shayne Gostisbehere Daniel Sprong 50 1 2 2
Penalty Kill 4 Players Forward
Center Wing Time % Phy DF OF
1 Anthony Cirelli Jared McCann 50 2 2 1
2 Mika Zibanejad Josh Bailey 50 2 2 1
Penalty Kill 4 Players Defense
Defense Defense Time % Phy DF OF
1 Jordie Benn MacKenzie Weegar 50 2 2 1
2 Kevin Shattenkirk Shayne Gostisbehere 50 2 2 1
Penalty Kill - 3 Players Forward
Forward Time % Phy DF OF
1 Mika Zibanejad 50 1 2 2
2 Anthony Cirelli 50 1 2 2
Penalty Kill - 3 Players Defense
Defense Defense Time % Phy DF OF
1 Jordie Benn MacKenzie Weegar 50 1 2 2
2 Kevin Shattenkirk Shayne Gostisbehere 50 2 2 1
4 vs 4 Forward
Center Wing Time % Phy DF OF
1 Mika Zibanejad Carter Verhaeghe 60 1 2 2
2 Steven Stamkos Matthew Boldy 40 1 1 3
4 vs 4 Defense
Defense Defense Time % Phy DF OF
1 Kevin Shattenkirk MacKenzie Weegar 60 1 2 2
2 Jordie Benn Shayne Gostisbehere 40 1 2 2
Last Minutes Offensive
Center Left Wing Right Wing Defense Defense
Mika Zibanejad Carter Verhaeghe Matthew Boldy Kevin Shattenkirk MacKenzie Weegar
Last Minutes Defensive
Center Left Wing Right Wing Defense Defense
Mika Zibanejad Carter Verhaeghe Matthew Boldy Kevin Shattenkirk MacKenzie Weegar
Goaltenders
Starting : Laurent Brossoit
Backup : Vitek Vanecek
Extra Forwards
Normal : Josh Bailey, Daniel Sprong, Arthur Kaliyev - PP : Josh Bailey, Arthur Kaliyev - PK : Jared McCann
Extra Defensemen
Normal : Philippe Myers, Jordie Benn, Shayne Gostisbehere - PP : Kevin Shattenkirk - PK : Philippe Myers, MacKenzie Weegar
Penalty Shots
Mika Zibanejad, Steven Stamkos, Matthew Boldy, Carter Verhaeghe, Jared McCann
% Time on Ice - Los Angeles Kings
Lines # - Real PCT - Wanted PCT - Time Play
Normal Forward
1 - 30% - 30% - 15:28
2 - 29% - 30% - 14:53
3 - 25% - 25% - 12:46
4 - 17% - 15% - 8:39
Normal Defense
1 - 36% - 35% - 18:30
2 - 35% - 35% - 17:54
3 - 30% - 30% - 15:22
4 - 0% - 0% - 0:00
PP Forward
1 - 54% - 50% - 2:14
2 - 46% - 50% - 1:52
PP Defense
1 - 40% - 50% - 1:38
2 - 60% - 50% - 2:28
PK Forward
1 - 52% - 50% - 2:04
2 - 48% - 50% - 1:54
PK Defense
1 - 50% - 50% - 2:00
2 - 50% - 50% - 1:58
PK3 Forward
1 - 0% - 50%
2 - 0% - 50%
PK3 Defense
1 - 0% - 50%
2 - 0% - 50%
44 Forward
1 - 0% - 50%
2 - 0% - 50%
44 Defense
1 - 0% - 50%
2 - 0% - 50%
Last Minute Offensive - 0:00
Last Minute Defensive - 0:10
Total
Forward - 60:00
Defense - 60:00
|
% Time on Ice - Detroit Red Wings
Lines # - Real PCT - Wanted PCT - Time Play
Normal Forward
1 - 33% - 35% - 17:05
2 - 29% - 30% - 15:15
3 - 23% - 25% - 11:43
4 - 15% - 10% - 7:40
Normal Defense
1 - 37% - 40% - 18:59
2 - 31% - 30% - 15:56
3 - 26% - 20% - 13:36
4 - 6% - 10% - 3:12
PP Forward
1 - 53% - 50% - 2:05
2 - 47% - 50% - 1:53
PP Defense
1 - 50% - 50% - 1:59
2 - 50% - 50% - 1:59
PK Forward
1 - 55% - 50% - 2:15
2 - 45% - 50% - 1:51
PK Defense
1 - 57% - 50% - 2:20
2 - 43% - 50% - 1:46
PK3 Forward
1 - 0% - 50%
2 - 0% - 50%
PK3 Defense
1 - 0% - 50%
2 - 0% - 50%
44 Forward
1 - 0% - 60%
2 - 0% - 40%
44 Defense
1 - 0% - 60%
2 - 0% - 40%
Last Minute Offensive - 0:13
Last Minute Defensive - 0:00
Total
Forward - 60:00
Defense - 60:00
|
Play-by-Play
1st period
0:01 of 1st period - Steven Stamkos wins face-off versus Andrei Svechnikov in neutral zone.
0:08 of 1st period - MacKenzie Weegar is hit by Andrei Svechnikov and loses puck.
0:13 of 1st period - Wrist shot by Andrei Svechnikov.
0:13 of 1st period - Shot Misses the Net.
0:15 of 1st period - Slapshot by K'Andre Miller.
0:15 of 1st period - Deflect By Andrei Kuzmenko.
0:15 of 1st period - Stopped by Laurent Brossoit without a rebound.
0:16 of 1st period - Matthew Boldy wins face-off versus Alexander Radulov in Detroit Red Wings zone.
0:31 of 1st period - Slapshot by Noah Dobson.
0:31 of 1st period - Deflect By Trent Frederic.
0:31 of 1st period - Shot Misses the Net.
0:31 of 1st period - Puck is out of play.
0:32 of 1st period - Anthony Cirelli wins face-off versus Cole Perfetti in Detroit Red Wings zone.
0:37 of 1st period - Slapshot by Jared McCann.
0:37 of 1st period - Stopped by John Gibson with a rebound.
0:39 of 1st period - Wrist shot by Philippe Myers.
0:39 of 1st period - Stopped by John Gibson without a rebound.
0:40 of 1st period - Cole Perfetti wins face-off versus Anthony Cirelli in Los Angeles Kings zone.
0:40 of 1st period - Cole Perfetti is hit by Jared McCann.
1:05 of 1st period - Snap shot by Jonathan Huberdeau.
1:05 of 1st period - Stopped by John Gibson without a rebound.
1:06 of 1st period - Josh Bailey wins face-off versus Cooper Marody in Los Angeles Kings zone.
1:19 of 1st period - Snap shot by Arthur Kaliyev.
1:19 of 1st period - Shot Blocked by Alexander Romanov.
1:36 of 1st period - Wrist shot by Andrei Svechnikov.
1:36 of 1st period - Shot Blocked by Kevin Shattenkirk.
1:52 of 1st period - Noah Dobson is hit by Mika Zibanejad and loses puck.
2:44 of 1st period - Backhand shot by Arthur Kaliyev.
2:44 of 1st period - Stopped by John Gibson with a rebound.
3:02 of 1st period - Snap shot by Steven Stamkos.
3:02 of 1st period - Stopped by John Gibson with a rebound.
3:04 of 1st period - Backhand shot by Shayne Gostisbehere.
3:04 of 1st period - Stopped by John Gibson with a rebound.
3:18 of 1st period - Slapshot by Carter Verhaeghe.
3:18 of 1st period - Stopped by John Gibson without a rebound.
3:19 of 1st period - Mika Zibanejad wins face-off versus Alexander Radulov in Los Angeles Kings zone.
3:20 of 1st period - Wrist shot by Carter Verhaeghe.
3:20 of 1st period - Stopped by John Gibson with a rebound.
4:31 of 1st period - Snap shot by Arthur Kaliyev.
4:31 of 1st period - Shot Misses the Net.
4:45 of 1st period - Snap shot by Carter Verhaeghe.
4:45 of 1st period - Shot Misses the Net.
5:09 of 1st period - Snap shot by Steven Stamkos.
5:09 of 1st period - Stopped by John Gibson with a rebound.
5:23 of 1st period - Snap shot by Andrei Svechnikov.
5:23 of 1st period - Stopped by Laurent Brossoit with a rebound.
5:25 of 1st period - Slapshot by Owen Power.
5:25 of 1st period - Shot Misses the Net.
5:29 of 1st period - Slapshot by Andrei Kuzmenko.
5:29 of 1st period - Stopped by Laurent Brossoit with a rebound.
5:31 of 1st period - Slapshot by Andrei Kuzmenko.
5:31 of 1st period - Stopped by Laurent Brossoit without a rebound.
5:32 of 1st period - Alexander Radulov wins face-off versus Mika Zibanejad in Detroit Red Wings zone.
5:33 of 1st period - Wrist shot by Trent Frederic.
5:33 of 1st period - Shot Misses the Net.
5:35 of 1st period - Slapshot by Peyton Krebs.
5:35 of 1st period - Shot Misses the Net.
5:37 of 1st period - Slapshot by Owen Power.
5:37 of 1st period - Shot Misses the Net.
5:39 of 1st period - Wrist shot by Trent Frederic.
5:39 of 1st period - Shot Misses the Net.
5:41 of 1st period - Snap shot by Trent Frederic.
5:41 of 1st period - Stopped by Laurent Brossoit with a rebound.
5:45 of 1st period - Slapshot by Trent Frederic.
5:45 of 1st period - Shot Blocked by Shayne Gostisbehere.
5:47 of 1st period - Wrist shot by Alexander Radulov.
5:47 of 1st period - Shot Misses the Net.
5:57 of 1st period - Owen Power is hit by Jordie Benn and loses puck.
6:08 of 1st period - Snap shot by Steven Stamkos.
6:08 of 1st period - Shot Hit the Post.
6:20 of 1st period - Slapshot by Noah Dobson.
6:20 of 1st period - Shot Blocked by Philippe Myers.
6:22 of 1st period - Snap shot by Marco Rossi.
6:22 of 1st period - Stopped by Laurent Brossoit without a rebound.
6:23 of 1st period - Mika Zibanejad wins face-off versus Cole Perfetti in Detroit Red Wings zone.
7:13 of 1st period - Anthony Cirelli is hit by Andrei Kuzmenko and loses puck.
7:20 of 1st period - Snap shot by Andrei Kuzmenko.
7:20 of 1st period - Stopped by Laurent Brossoit without a rebound.
7:21 of 1st period - Alexander Radulov wins face-off versus Anthony Cirelli in Detroit Red Wings zone.
7:22 of 1st period - Slapshot by Peyton Krebs.
7:22 of 1st period - Shot Blocked by Shayne Gostisbehere.
7:24 of 1st period - Wrist shot by Alexander Radulov.
7:24 of 1st period - Stopped by Laurent Brossoit with a rebound.
7:26 of 1st period - Snap shot by Trent Frederic.
7:26 of 1st period - Goal by Trent Frederic - Los Angeles Kings : 1 - Detroit Red Wings : 0.
7:27 of 1st period - Steven Stamkos wins face-off versus Alexander Radulov in neutral zone.
7:44 of 1st period - Slapshot by Patrick Kane.
7:44 of 1st period - Shot Misses the Net.
8:03 of 1st period - Slapshot by Daniel Sprong.
8:03 of 1st period - Shot Blocked by Alexander Radulov.
8:05 of 1st period - Slapshot by Kevin Shattenkirk.
8:05 of 1st period - Deflect By Daniel Sprong.
8:05 of 1st period - Shot Blocked by Trent Frederic.
8:05 of 1st period - Puck is out of play.
8:06 of 1st period - Mika Zibanejad wins face-off versus Seth Jarvis in Los Angeles Kings zone.
9:06 of 1st period - Snap shot by Jared McCann.
9:06 of 1st period - Shot Misses the Net.
9:20 of 1st period - Erik Brannstrom is hit by Zach Bogosian and loses puck.
10:05 of 1st period - MacKenzie Weegar is hit by Cooper Marody and loses puck.
10:20 of 1st period - Ryan Reaves is hit by MacKenzie Weegar and loses puck.
10:39 of 1st period - Snap shot by Andrei Svechnikov.
10:39 of 1st period - Stopped by Laurent Brossoit with a rebound.
10:41 of 1st period - Wrist shot by Seth Jarvis.
10:41 of 1st period - Shot Blocked by Kevin Shattenkirk.
10:45 of 1st period - Snap shot by Andrei Svechnikov.
10:45 of 1st period - Shot Blocked by MacKenzie Weegar.
10:59 of 1st period - Wrist shot by Carter Verhaeghe.
10:59 of 1st period - Stopped by John Gibson with a rebound.
11:05 of 1st period - Slapshot by Carter Verhaeghe.
11:05 of 1st period - Stopped by John Gibson with a rebound.
11:17 of 1st period - Slapshot by Cooper Marody.
11:17 of 1st period - Shot Misses the Net.
11:19 of 1st period - Snap shot by Alexander Romanov.
11:19 of 1st period - Stopped by Laurent Brossoit with a rebound.
12:39 of 1st period - Wrist shot by Andrei Kuzmenko.
12:39 of 1st period - Shot Misses the Net.
12:41 of 1st period - Wrist shot by Andrei Kuzmenko.
12:41 of 1st period - Shot Misses the Net.
12:43 of 1st period - Slapshot by Joshua Brown.
12:43 of 1st period - Shot Blocked by Alexander Barabanov.
12:45 of 1st period - Wrist shot by Seth Jarvis.
12:45 of 1st period - Shot Misses the Net.
12:47 of 1st period - Slapshot by Erik Brannstrom.
12:47 of 1st period - Shot Blocked by Alexander Barabanov.
12:53 of 1st period - Minor Penalty to Jordie Benn for Hooking.
12:54 of 1st period - Anthony Cirelli wins face-off versus Seth Jarvis in Detroit Red Wings zone.
13:03 of 1st period - Wrist shot by Andrei Kuzmenko.
13:03 of 1st period - Shot Blocked by Mika Zibanejad.
13:05 of 1st period - Slapshot by Andrei Svechnikov.
13:05 of 1st period - Stopped by Laurent Brossoit with a rebound.
13:07 of 1st period - Slapshot by K'Andre Miller.
13:07 of 1st period - Deflect By Mika Zibanejad.
13:07 of 1st period - Stopped by Laurent Brossoit without a rebound.
13:08 of 1st period - Anthony Cirelli wins face-off versus Seth Jarvis in Detroit Red Wings zone.
14:21 of 1st period - Icing by Andrei Kuzmenko.
14:22 of 1st period - Anthony Cirelli wins face-off versus Andrei Svechnikov in Los Angeles Kings zone.
14:53 of 1st period - Penalty to Jordie Benn is over, Jordie Benn is back on ice.
15:16 of 1st period - Wrist shot by Steven Stamkos.
15:16 of 1st period - Stopped by John Gibson without a rebound.
15:17 of 1st period - Mika Zibanejad wins face-off versus Seth Jarvis in Los Angeles Kings zone.
15:32 of 1st period - Slapshot by Andrei Svechnikov.
15:32 of 1st period - Shot Blocked by Carter Verhaeghe.
16:09 of 1st period - Alexander Radulov is hit by Jared McCann and loses puck.
16:15 of 1st period - Off-side.
16:16 of 1st period - Anthony Cirelli wins face-off versus Seth Jarvis in neutral zone.
16:24 of 1st period - Wrist shot by Andrei Kuzmenko.
16:24 of 1st period - Stopped by Laurent Brossoit with a rebound.
16:26 of 1st period - Slapshot by Noah Dobson.
16:26 of 1st period - Stopped by Laurent Brossoit with a rebound.
16:28 of 1st period - Wrist shot by Andrei Kuzmenko.
16:28 of 1st period - Shot Hit the Post.
17:20 of 1st period - Slapshot by Jonathan Huberdeau.
17:20 of 1st period - Stopped by John Gibson with a rebound.
17:50 of 1st period - Snap shot by Daniel Sprong.
17:50 of 1st period - Shot Misses the Net.
17:52 of 1st period - Snap shot by Anthony Cirelli.
17:52 of 1st period - Shot Misses the Net.
18:13 of 1st period - Wrist shot by Alexander Radulov.
18:13 of 1st period - Stopped by Laurent Brossoit with a rebound.
18:15 of 1st period - Snap shot by Alexander Radulov.
18:15 of 1st period - Stopped by Laurent Brossoit with a rebound.
18:25 of 1st period - Snap shot by Steven Stamkos.
18:25 of 1st period - Stopped by John Gibson with a rebound.
18:27 of 1st period - Wrist shot by Steven Stamkos.
18:27 of 1st period - Shot Misses the Net.
18:29 of 1st period - Wrist shot by Jordie Benn.
18:29 of 1st period - Shot Blocked by Cole Perfetti.
18:31 of 1st period - Backhand shot by Jordie Benn.
18:31 of 1st period - Deflect By Patrick Kane.
18:31 of 1st period - Shot Misses the Net.
18:31 of 1st period - Puck is out of play.
18:32 of 1st period - Steven Stamkos wins face-off versus Seth Jarvis in Los Angeles Kings zone.
18:59 of 1st period - Peyton Krebs is hit by Kevin Shattenkirk and loses puck.
19:21 of 1st period - Off-side.
19:22 of 1st period - Mika Zibanejad wins face-off versus Seth Jarvis in neutral zone.
19:27 of 1st period - Snap shot by Mika Zibanejad.
19:27 of 1st period - Shot Blocked by Seth Jarvis.
19:37 of 1st period - Matthew Boldy is hit by Noah Dobson and loses puck.
Goals for this period are 1 for Los Angeles Kings vs 0 for Detroit Red Wings.
Shots for this period are 17 for Los Angeles Kings vs 14 for Detroit Red Wings.
2nd period
0:01 of 2nd period - Anthony Cirelli wins face-off versus Alexander Radulov in neutral zone.
0:32 of 2nd period - Backhand shot by Andrei Kuzmenko.
0:32 of 2nd period - Stopped by Laurent Brossoit with a rebound.
0:34 of 2nd period - Snap shot by Andrei Kuzmenko.
0:34 of 2nd period - Stopped by Laurent Brossoit with a rebound.
0:48 of 2nd period - Snap shot by Andrei Svechnikov.
0:48 of 2nd period - Shot Misses the Net.
0:50 of 2nd period - Wrist shot by Marco Rossi.
0:50 of 2nd period - Stopped by Laurent Brossoit without a rebound.
0:51 of 2nd period - Mika Zibanejad wins face-off versus Cole Perfetti in Detroit Red Wings zone.
1:02 of 2nd period - Snap shot by Mika Zibanejad.
1:02 of 2nd period - Stopped by John Gibson without a rebound.
1:03 of 2nd period - Steven Stamkos wins face-off versus Alexander Radulov in Los Angeles Kings zone.
1:06 of 2nd period - Wrist shot by Patrick Kane.
1:06 of 2nd period - Stopped by John Gibson with a rebound.
1:08 of 2nd period - Snap shot by Steven Stamkos.
1:08 of 2nd period - Stopped by John Gibson with a rebound.
1:59 of 2nd period - Slapshot by Marco Rossi.
1:59 of 2nd period - Stopped by Laurent Brossoit with a rebound.
2:01 of 2nd period - Slapshot by K'Andre Miller.
2:01 of 2nd period - Shot Misses the Net.
2:03 of 2nd period - Slapshot by K'Andre Miller.
2:03 of 2nd period - Stopped by Laurent Brossoit with a rebound.
2:33 of 2nd period - Snap shot by Jonathan Huberdeau.
2:33 of 2nd period - Stopped by John Gibson with a rebound.
2:39 of 2nd period - Snap shot by Steven Stamkos.
2:39 of 2nd period - Stopped by John Gibson with a rebound.
2:41 of 2nd period - Snap shot by Jordie Benn.
2:41 of 2nd period - Shot Misses the Net.
2:43 of 2nd period - Slapshot by Jordie Benn.
2:43 of 2nd period - Shot Blocked by Noah Dobson.
2:45 of 2nd period - Wrist shot by Alexander Barabanov.
2:45 of 2nd period - Stopped by John Gibson with a rebound.
2:47 of 2nd period - Slapshot by Shayne Gostisbehere.
2:47 of 2nd period - Deflect By Patrick Kane.
2:47 of 2nd period - Stopped by John Gibson without a rebound.
2:48 of 2nd period - Mika Zibanejad wins face-off versus Seth Jarvis in Los Angeles Kings zone.
2:57 of 2nd period - Snap shot by Mika Zibanejad.
2:57 of 2nd period - Shot Misses the Net.
2:59 of 2nd period - Slapshot by MacKenzie Weegar.
2:59 of 2nd period - Shot Misses the Net.
3:01 of 2nd period - Wrist shot by Mika Zibanejad.
3:01 of 2nd period - Shot Blocked by Seth Jarvis.
3:03 of 2nd period - Snap shot by Matthew Boldy.
3:03 of 2nd period - Shot Misses the Net.
3:05 of 2nd period - Backhand shot by Mika Zibanejad.
3:05 of 2nd period - Shot Misses the Net.
3:11 of 2nd period - Minor Penalty to Joshua Brown for Tripping.
3:12 of 2nd period - Steven Stamkos wins face-off versus Andrei Svechnikov in Los Angeles Kings zone.
3:13 of 2nd period - Snap shot by Arthur Kaliyev.
3:13 of 2nd period - Shot Misses the Net.
3:15 of 2nd period - Snap shot by MacKenzie Weegar.
3:15 of 2nd period - Shot Misses the Net.
3:17 of 2nd period - Slapshot by Arthur Kaliyev.
3:17 of 2nd period - Stopped by John Gibson without a rebound.
3:18 of 2nd period - Steven Stamkos wins face-off versus Andrei Svechnikov in Los Angeles Kings zone.
3:26 of 2nd period - Off-side.
3:27 of 2nd period - Alexander Radulov wins face-off versus Mika Zibanejad in neutral zone.
3:34 of 2nd period - Snap shot by Carter Verhaeghe.
3:34 of 2nd period - Stopped by John Gibson with a rebound.
3:54 of 2nd period - Seth Jarvis is hit by Steven Stamkos and loses puck.
5:11 of 2nd period - Penalty to Joshua Brown is over, Joshua Brown is back on ice.
5:31 of 2nd period - Cooper Marody is hit by Kevin Shattenkirk.
5:59 of 2nd period - Philippe Myers is hit by Owen Power and loses puck.
6:18 of 2nd period - Wrist shot by Cole Perfetti.
6:18 of 2nd period - Stopped by Laurent Brossoit with a rebound.
6:42 of 2nd period - Jared McCann is hit by Andrei Svechnikov and loses puck.
6:59 of 2nd period - Wrist shot by Mika Zibanejad.
6:59 of 2nd period - Goal by Mika Zibanejad - Los Angeles Kings : 1 - Detroit Red Wings : 1.
7:00 of 2nd period - Alexander Radulov wins face-off versus Steven Stamkos in neutral zone.
7:39 of 2nd period - Wrist shot by Andrei Svechnikov.
7:39 of 2nd period - Stopped by Laurent Brossoit without a rebound.
7:40 of 2nd period - Steven Stamkos wins face-off versus Cole Perfetti in Detroit Red Wings zone.
9:18 of 2nd period - Snap shot by Steven Stamkos.
9:18 of 2nd period - Shot Misses the Net.
9:22 of 2nd period - Slapshot by Steven Stamkos.
9:22 of 2nd period - Stopped by John Gibson with a rebound.
9:26 of 2nd period - Slapshot by Alexander Barabanov.
9:26 of 2nd period - Stopped by John Gibson without a rebound.
9:27 of 2nd period - Seth Jarvis wins face-off versus Mika Zibanejad in Los Angeles Kings zone.
9:58 of 2nd period - Off-side.
9:59 of 2nd period - Anthony Cirelli wins face-off versus Alexander Radulov in neutral zone.
10:52 of 2nd period - Snap shot by Mika Zibanejad.
10:52 of 2nd period - Shot Misses the Net.
11:08 of 2nd period - Snap shot by Arthur Kaliyev.
11:08 of 2nd period - Deflect By Jonathan Huberdeau.
11:08 of 2nd period - Stopped by John Gibson without a rebound.
11:09 of 2nd period - Seth Jarvis wins face-off versus Steven Stamkos in Los Angeles Kings zone.
11:09 of 2nd period - Owen Power is hit by Alexander Barabanov and loses puck.
11:51 of 2nd period - Icing by Kevin Shattenkirk.
11:52 of 2nd period - Mika Zibanejad wins face-off versus Alexander Radulov in Detroit Red Wings zone.
11:57 of 2nd period - Wrist shot by Carter Verhaeghe.
11:57 of 2nd period - Shot Blocked by Joshua Brown.
12:10 of 2nd period - Icing by Carter Verhaeghe.
12:11 of 2nd period - Mika Zibanejad wins face-off versus Cole Perfetti in Detroit Red Wings zone.
12:41 of 2nd period - Slapshot by Kevin Shattenkirk.
12:41 of 2nd period - Deflect By Steven Stamkos.
12:41 of 2nd period - Stopped by John Gibson with a rebound.
12:43 of 2nd period - Snap shot by Alexander Barabanov.
12:43 of 2nd period - Shot Blocked by Owen Power.
12:45 of 2nd period - Slapshot by Kevin Shattenkirk.
12:45 of 2nd period - Deflect By Patrick Kane.
12:45 of 2nd period - Stopped by John Gibson without a rebound.
12:46 of 2nd period - Steven Stamkos wins face-off versus Seth Jarvis in Los Angeles Kings zone.
14:08 of 2nd period - Minor Penalty to Jonathan Huberdeau for Slashing.
14:09 of 2nd period - Anthony Cirelli wins face-off versus Alexander Radulov in Detroit Red Wings zone.
14:20 of 2nd period - Backhand shot by Jared McCann.
14:20 of 2nd period - Shot Misses the Net.
14:26 of 2nd period - Kevin Shattenkirk is hit by Alexander Radulov and loses puck.
14:45 of 2nd period - Slapshot by Owen Power.
14:45 of 2nd period - Shot Misses the Net.
15:03 of 2nd period - Josh Bailey is hit by Marco Rossi.
15:56 of 2nd period - Daniel Sprong is hit by Andrei Svechnikov.
16:08 of 2nd period - Penalty to Jonathan Huberdeau is over, Jonathan Huberdeau is back on ice.
16:30 of 2nd period - Matthew Boldy is hit by Jakub Zboril and loses puck.
16:51 of 2nd period - Minor Penalty to Jonathan Huberdeau for Interference.
16:52 of 2nd period - Anthony Cirelli wins face-off versus Seth Jarvis in Detroit Red Wings zone.
16:59 of 2nd period - Wrist shot by Andrei Kuzmenko.
16:59 of 2nd period - Goal by Andrei Kuzmenko - Los Angeles Kings : 2 - Detroit Red Wings : 1.
17:00 of 2nd period - Steven Stamkos wins face-off versus Alexander Radulov in neutral zone.
17:27 of 2nd period - Owen Power is hit by Carter Verhaeghe and loses puck.
17:50 of 2nd period - Anthony Cirelli is hit by Erik Brannstrom.
17:57 of 2nd period - Off-side.
17:58 of 2nd period - Seth Jarvis wins face-off versus Patrick Kane in neutral zone.
18:01 of 2nd period - Steven Stamkos is hit by Andrei Svechnikov and loses puck.
18:12 of 2nd period - Backhand shot by Andrei Kuzmenko.
18:12 of 2nd period - Shot Misses the Net.
18:14 of 2nd period - Slapshot by Owen Power.
18:14 of 2nd period - Stopped by Laurent Brossoit without a rebound.
18:15 of 2nd period - Anthony Cirelli wins face-off versus Cole Perfetti in Detroit Red Wings zone.
18:30 of 2nd period - Anthony Cirelli is hit by Ryan Reaves and loses puck.
19:10 of 2nd period - Wrist shot by Matthew Boldy.
19:10 of 2nd period - Shot Blocked by Trent Frederic.
19:59 of 2nd period - Snap shot by Cole Perfetti.
19:59 of 2nd period - Stopped by Laurent Brossoit with a rebound.
Goals for this period are 1 for Los Angeles Kings vs 1 for Detroit Red Wings.
Shots for this period are 10 for Los Angeles Kings vs 15 for Detroit Red Wings.
3rd period
0:01 of 3rd period - Steven Stamkos wins face-off versus Alexander Radulov in neutral zone.
0:04 of 3rd period - Trent Frederic is hit by Steven Stamkos.
0:59 of 3rd period - Slapshot by Joshua Brown.
0:59 of 3rd period - Shot Blocked by Mika Zibanejad.
1:13 of 3rd period - Kevin Shattenkirk is hit by Peyton Krebs and loses puck.
1:20 of 3rd period - Snap shot by Alexander Radulov.
1:20 of 3rd period - Shot Misses the Net.
2:34 of 3rd period - Wrist shot by Alexander Barabanov.
2:34 of 3rd period - Shot Misses the Net.
2:58 of 3rd period - Cooper Marody is hit by Jordie Benn and loses puck.
3:13 of 3rd period - Wrist shot by Daniel Sprong.
3:13 of 3rd period - Stopped by John Gibson with a rebound.
3:17 of 3rd period - Snap shot by Anthony Cirelli.
3:17 of 3rd period - Deflect By Jared McCann.
3:17 of 3rd period - Stopped by John Gibson without a rebound.
3:18 of 3rd period - Cole Perfetti wins face-off versus Steven Stamkos in Los Angeles Kings zone.
3:18 of 3rd period - Cole Perfetti is hit by MacKenzie Weegar.
3:28 of 3rd period - Snap shot by Patrick Kane.
3:28 of 3rd period - Stopped by John Gibson with a rebound.
3:30 of 3rd period - Wrist shot by Patrick Kane.
3:30 of 3rd period - Deflect By Steven Stamkos.
3:30 of 3rd period - Stopped by John Gibson with a rebound.
3:34 of 3rd period - Slapshot by Steven Stamkos.
3:34 of 3rd period - Deflect By Alexander Barabanov.
3:34 of 3rd period - Shot Blocked by Erik Brannstrom.
3:34 of 3rd period - Puck is out of play.
3:35 of 3rd period - Mika Zibanejad wins face-off versus Alexander Radulov in Los Angeles Kings zone.
3:48 of 3rd period - Wrist shot by Matthew Boldy.
3:48 of 3rd period - Stopped by John Gibson without a rebound.
3:49 of 3rd period - Steven Stamkos wins face-off versus Seth Jarvis in Los Angeles Kings zone.
4:00 of 3rd period - Wrist shot by Patrick Kane.
4:00 of 3rd period - Stopped by John Gibson without a rebound.
4:01 of 3rd period - Steven Stamkos wins face-off versus Seth Jarvis in Los Angeles Kings zone.
4:02 of 3rd period - Slapshot by Patrick Kane.
4:02 of 3rd period - Shot Blocked by Erik Brannstrom.
4:26 of 3rd period - Steven Stamkos is hit by Peyton Krebs and loses puck.
4:31 of 3rd period - Snap shot by Peyton Krebs.
4:31 of 3rd period - Stopped by Laurent Brossoit with a rebound.
4:59 of 3rd period - Alexander Barabanov is hit by Ryan Reaves and loses puck.
5:12 of 3rd period - Slapshot by Noah Dobson.
5:12 of 3rd period - Shot Hit the Post.
5:51 of 3rd period - Off-side.
5:52 of 3rd period - Andrei Svechnikov wins face-off versus Anthony Cirelli in neutral zone.
6:17 of 3rd period - K'Andre Miller is hit by Matthew Boldy and loses puck.
6:33 of 3rd period - Alexander Romanov is hit by Zach Bogosian.
7:03 of 3rd period - Zach Bogosian is hit by Andrei Svechnikov and loses puck.
7:12 of 3rd period - Jared McCann is hit by Andrei Kuzmenko and loses puck.
7:38 of 3rd period - Slapshot by Mika Zibanejad.
7:38 of 3rd period - Shot Misses the Net.
7:40 of 3rd period - Slapshot by Jonathan Huberdeau.
7:40 of 3rd period - Stopped by John Gibson with a rebound.
7:42 of 3rd period - Snap shot by Jonathan Huberdeau.
7:42 of 3rd period - Shot Misses the Net.
8:47 of 3rd period - Wrist shot by Alexander Radulov.
8:47 of 3rd period - Deflect By Trent Frederic.
8:47 of 3rd period - Shot Misses the Net.
8:47 of 3rd period - Puck is out of play.
8:48 of 3rd period - Anthony Cirelli wins face-off versus Alexander Radulov in Detroit Red Wings zone.
9:11 of 3rd period - Wrist shot by Josh Bailey.
9:11 of 3rd period - Stopped by John Gibson with a rebound.
9:35 of 3rd period - Vitali Kravtsov is hit by Mika Zibanejad and loses puck.
9:54 of 3rd period - Owen Power is hit by MacKenzie Weegar and loses puck.
10:40 of 3rd period - Snap shot by Jonathan Huberdeau.
10:40 of 3rd period - Shot Misses the Net.
10:42 of 3rd period - Slapshot by Shayne Gostisbehere.
10:42 of 3rd period - Deflect By Arthur Kaliyev.
10:42 of 3rd period - Stopped by John Gibson without a rebound.
10:43 of 3rd period - Alexander Radulov wins face-off versus Steven Stamkos in Los Angeles Kings zone.
11:10 of 3rd period - Matthew Boldy is hit by Seth Jarvis and loses puck.
11:37 of 3rd period - Snap shot by Anthony Cirelli.
11:37 of 3rd period - Stopped by John Gibson without a rebound.
11:38 of 3rd period - Daniel Sprong wins face-off versus Alexander Radulov in Los Angeles Kings zone.
11:43 of 3rd period - Snap shot by Daniel Sprong.
11:43 of 3rd period - Stopped by John Gibson without a rebound.
11:44 of 3rd period - Steven Stamkos wins face-off versus Alexander Radulov in Los Angeles Kings zone.
12:30 of 3rd period - Snap shot by Ryan Reaves.
12:30 of 3rd period - Deflect By Daniel Sprong.
12:30 of 3rd period - Shot Misses the Net.
12:30 of 3rd period - Puck is out of play.
12:31 of 3rd period - Anthony Cirelli wins face-off versus Marco Rossi in Detroit Red Wings zone.
12:58 of 3rd period - Erik Brannstrom is hit by Kevin Shattenkirk.
13:23 of 3rd period - Jordie Benn is hit by Alexander Radulov and loses puck.
14:23 of 3rd period - Patrick Kane is hit by Seth Jarvis and loses puck.
14:34 of 3rd period - Snap shot by Andrei Svechnikov.
14:34 of 3rd period - Stopped by Laurent Brossoit without a rebound.
14:35 of 3rd period - Mika Zibanejad wins face-off versus Alexander Radulov in Detroit Red Wings zone.
15:18 of 3rd period - Minor Penalty to Ryan Reaves for High sticking.
15:19 of 3rd period - Mika Zibanejad wins face-off versus Alexander Radulov in Los Angeles Kings zone.
15:35 of 3rd period - Andrei Kuzmenko is hit by Daniel Sprong and loses puck.
15:46 of 3rd period - Andrei Svechnikov is hit by Arthur Kaliyev.
17:18 of 3rd period - Penalty to Ryan Reaves is over, Ryan Reaves is back on ice.
18:08 of 3rd period - Alexander Barabanov is hit by Peyton Krebs and loses puck.
18:51 of 3rd period - Snap shot by Andrei Kuzmenko.
18:51 of 3rd period - Deflect By Andrei Svechnikov.
18:51 of 3rd period - Stopped by Laurent Brossoit with a rebound.
18:53 of 3rd period - Slapshot by Alexander Romanov.
18:53 of 3rd period - Stopped by Laurent Brossoit with a rebound.
18:55 of 3rd period - Wrist shot by K'Andre Miller.
18:55 of 3rd period - Stopped by Laurent Brossoit with a rebound.
18:57 of 3rd period - Snap shot by Andrei Svechnikov.
18:57 of 3rd period - Goal by Andrei Svechnikov - Los Angeles Kings : 3 - Detroit Red Wings : 1.
18:58 of 3rd period - Steven Stamkos wins face-off versus Cole Perfetti in neutral zone.
Goals for this period are 1 for Los Angeles Kings vs 0 for Detroit Red Wings.
Shots for this period are 6 for Los Angeles Kings vs 11 for Detroit Red Wings.
Back to the Top